[Event "Titled Tuesday Blitz August 1 Late 2023"]
[White "Manukyan, Sargis V."]
[Black "Gabdushev, Ruslan"]
[WhiteFideId "13303465"]
[BlackFideId "4137833"]
[WhiteElo "2589"]
[BlackElo "2447"]
[Result "1-0"]
[Round "7"]
[TimeControl "180+1"]
[Date "2023.08.01"]
[WhiteClock "0:00:07"]
[BlackClock "0:00:00"]
[Board "68"]

1. d4 Nc6 2. d5 Ne5 3. Nf3 Nxf3+ 4. gxf3 g6 5. h4 Nf6 6. Nc3 d6 7. e4 c6 8. Be3 Bg7 9. Be2 Qa5 10. Qd2 cxd5 11. exd5 Bd7 12. a3 Rc8 13. Rd1 Nh5 14. Bd4 O-O 15. Bxg7 Nxg7 16. f4 h5 17. Ne4 Qxd2+ 18. Kxd2 Bf5 19. f3 Rc7 20. c4 Rfc8 21. Rc1 Ne8 22. Rc3 Ng7 23. Rhc1 b6 24. b4 Bd7 25. c5 bxc5 26. Ba6 Rd8 27. bxc5 dxc5 28. Rxc5 Rxc5 29. Rxc5 Nf5 30. Bc4 Nxh4 31. Rc7 a5 32. Ke3 Ng2+ 33. Kf2 Nxf4 34. d6 exd6 35. Rxd7 Rxd7 36. Nf6+ Kf8 37. Nxd7+ Ke7 38. Nb8 d5 39. Bb5 Kd6 40. Nc6 Kc5 41. a4 g5 42. Nxa5 h4 43. Nb3+ Kb4 44. Nd4 f6 45. Nc6+ Kc5 46. Ne7 d4 47. Nf5 Nd5 48. Bd3 Nc3 49. a5 Nd5 50. a6 Kb6 51. Nxd4 1-0


[Site "https://www.chess.com"]

[Event "Titled Tuesday Blitz August 1 Late 2023"]
[White "Zhukova, Natalia"]
[Black "Musovic, Armin"]
[WhiteFideId "14101513"]
[BlackFideId "939935"]
[WhiteElo "2442"]
[BlackElo "2556"]
[Result "0-1"]
[Round "7"]
[TimeControl "180+1"]
[Date "2023.08.01"]
[WhiteClock "0:00:00"]
[BlackClock "0:00:14"]
[Board "69"]

1. c4 e5 2. Nc3 Bb4 3. Nd5 Bc5 4. Nf3 Nc6 5. e3 h6 6. d4 exd4 7. exd4 Be7 8. Bd3 Nf6 9. O-O O-O 10. Nxe7+ Nxe7 11. d5 d6 12. h3 Bf5 13. Be3 Qd7 14. Bd4 Nh7 15. Re1 Bxd3 16. Qxd3 Ng6 17. Qc3 f6 18. Be3 Ng5 19. Nd4 c5 20. dxc6 bxc6 21. Bxg5 fxg5 22. Ne6 Rf6 23. Nd4 Raf8 24. Re2 Nf4 25. Rd2 g4 26. h4 c5 27. Nc2 Qf7 28. Rad1 Qh5 29. Qg3 Re6 30. Ne3 Rg6 31. Kh2 Qe5 32. Nd5 h5 33. Nxf4 Rxf4 34. Rd5 Qe4 35. Rxh5 Rgf6 36. Rg5 Qxc4 37. h5 Rxf2 38. Rxg4 R2f4 39. Rxg7+ Kh8 40. Rg6 Rh4+ 41. Kg1 Rxg6 42. Qxg6 Qf4 0-1


[Site "https://www.chess.com"]

[Event "Titled Tuesday Blitz August 1 Late 2023"]
[White "Karamsetty, Jeevan"]
[Black "Carrasco Miranda, Andres"]
[WhiteFideId "2025337"]
[BlackFideId "3405990"]
[WhiteElo "2553"]
[BlackElo "2439"]
[Result "1-0"]
[Round "7"]
[TimeControl "180+1"]
[Date "2023.08.01"]
[WhiteClock "0:00:07"]
[BlackClock "0:00:00"]
[Board "70"]

1. e4 e5 2. Nf3 Nc6 3. Bc4 Bc5 4. c3 Nf6 5. d3 d6 6. O-O a5 7. d4 exd4 8. cxd4 Ba7 9. Nc3 Bg4 10. Be3 O-O 11. Be2 Re8 12. h3 Bh5 13. d5 Bxf3 14. Bxf3 Bxe3 15. dxc6 Bb6 16. cxb7 Rb8 17. Qa4 Nd7 18. Be2 Rxb7 19. Bb5 Nc5 20. Qc2 Re7 21. Bc6 Rb8 22. Rad1 Nd7 23. Nd5 Re5 24. Kh1 Nf6 25. f4 Rh5 26. Nxb6 Rxb6 27. e5 Ng4 28. Qe2 Rxc6 29. Qxg4 g6 30. e6 Rf5 31. Rde1 fxe6 32. Rxe6 Rcc5 33. Rfe1 Rf8 34. Re7 Rcf5 35. g3 R5f7 36. R7e6 Qd7 37. Kh2 Kg7 38. Qf3 Qb5 39. Qc3+ Kg8 40. Re7 Qc5 41. Rxc7 Qxc3 42. Rxc3 Rb7 43. Rc2 Rfb8 44. Ree2 a4 45. Red2 Rb6 46. Kg2 Kf7 47. a3 Ke6 48. Kf3 Rb3+ 49. Kg4 h5+ 50. Kh4 R8b5 51. Rc6 Rd5 52. Re2+ Kd7 53. Ra6 Rd4 54. Ra7+ Kc6 55. Rg7 Rbd3 56. Rxg6 Rd2 57. Ree6 Rxb2 58. Kxh5 Rb3 59. f5 Rxa3 60. f6 Rf3 61. Rg7 a3 62. Ra7 Kb6 63. Ra8 Kb7 64. Ra5 Kb6 65. Ra8 Kb7 66. Ree8 Rxf6 67. Reb8+ Kc7 68. Rc8+ Kd7 69. Rd8+ Ke6 70. Re8+ Kd5 71. Ra5+ Kc6 72. Rxa3 Rd5+ 73. Kh4 Rd4+ 74. g4 d5 75. Ree3 Re4 76. Kg3 Rfe6 77. Rec3+ Kd6 78. h4 d4 79. Rd3 Re3+ 80. Rxe3 dxe3 81. Kf3 e2 82. Ra1 Kd5 83. Re1 Rf6+ 84. Kg3 Re6 85. h5 Kd4 86. g5 Ke3 87. h6 Re5 88. Kg4 Re4+ 89. Kh5 Kf4 90. h7 1-0


[Site "https://www.chess.com"]

[Event "Titled Tuesday Blitz August 1 Late 2023"]
[White "Geivondian, Arman"]
[Black "KrokerGuy"]
[WhiteFideId "24102032"]
[WhiteElo "2551"]
[BlackElo "2438"]
[Result "1-0"]
[Round "7"]
[TimeControl "180+1"]
[Date "2023.08.01"]
[WhiteClock "0:00:32"]
[BlackClock "0:00:00"]
[Board "71"]

1. e4 e5 2. Nf3 Nc6 3. Bb5 a6 4. Ba4 Nf6 5. O-O Be7 6. Re1 b5 7. Bb3 d6 8. c3 O-O 9. h3 Nb8 10. d4 Nbd7 11. Nbd2 Bb7 12. Nf1 Nxe4 13. dxe5 Nxe5 14. Nxe5 dxe5 15. Qe2 Bf6 16. Bc2 Nd6 17. Ng3 g6 18. Be3 Qe7 19. Rad1 Nc4 20. Bc1 Rad8 21. b3 Nb6 22. Ne4 Rxd1 23. Rxd1 Bg7 24. Bg5 f6 25. Be3 Rd8 26. Bc5 Rxd1+ 27. Qxd1 Qd7 28. Qf3 Qc6 29. Qd3 Nd7 30. Ba3 f5 31. f3 fxe4 32. fxe4 h6 33. Qg3 Kh7 34. h4 Nf6 35. Qf3 Nxe4 36. h5 gxh5 37. Be7 Kh8 38. Qxh5 Qxc3 39. Qe8+ Kh7 40. Bxe4+ Bxe4 41. Qh5 Qe3+ 42. Kh1 Qf4 43. Qh3 Bf5 44. Qh5 e4 45. Bh4 e3 46. Kg1 e2 47. Bf2 Qc1+ 48. Kh2 Qf4+ 49. Bg3 1-0


[Site "https://www.chess.com"]

[Event "Titled Tuesday Blitz August 1 Late 2023"]
[White "Ambartsumova, Karina"]
[Black "FuenfgegenWilly"]
[WhiteFideId "4166299"]
[WhiteElo "2548"]
[BlackElo "2437"]
[Result "1-0"]
[Round "7"]
[TimeControl "180+1"]
[Date "2023.08.01"]
[WhiteClock "0:00:10"]
[BlackClock "0:00:08"]
[Board "72"]

1. c4 f5 2. Nf3 Nf6 3. g3 d6 4. Bg2 e5 5. d4 e4 6. Nh4 c5 7. d5 g6 8. O-O Bg7 9. Nc3 O-O 10. f3 exf3 11. exf3 a6 12. Bf4 Nh5 13. Be3 f4 14. Bf2 Bf6 15. Qc2 Ng7 16. Bh1 b5 17. cxb5 axb5 18. Nxb5 Ba6 19. a4 Qb6 20. Ng2 fxg3 21. hxg3 Nd7 22. Ne3 Bxb5 23. axb5 Qxb5 24. Nc4 Rxa1 25. Rxa1 Qb8 26. Ra6 Nf5 27. Bg2 Qb5 28. Qa4 Rb8 29. Qxb5 Rxb5 30. Nxd6 Rxb2 31. Nxf5 gxf5 32. Rd6 Rb7 33. Bh3 Be5 34. Rc6 Rb1+ 35. Kg2 Rb2 36. Bxf5 Bd4 37. Bxd7 Rxf2+ 38. Kh3 Rxf3 39. Be6+ Kf8 40. d6 Be5 41. Rc8+ Kg7 42. d7 Rxg3+ 43. Kh4 Rd3 44. Rxc5 Bf6+ 45. Kg4 Rd6 46. Kf5 h5 47. Rc8 Bh4 48. Rg8+ Kh7 49. Rg1 Kh6 50. Rg6+ Kh7 51. Bg8+ Kh8 52. Rxd6 Bd8 53. Re6 Kg7 54. Re8 1-0


[Site "https://www.chess.com"]

[Event "Titled Tuesday Blitz August 1 Late 2023"]
[White "Graif, William"]
[Black "Todorovic, Bojan"]
[WhiteFideId "2609835"]
[BlackFideId "917087"]
[WhiteElo "2547"]
[BlackElo "2434"]
[Result "1-0"]
[Round "7"]
[TimeControl "180+1"]
[Date "2023.08.01"]
[WhiteClock "0:00:19"]
[BlackClock "0:00:27"]
[Board "73"]

1. e4 c6 2. d4 d5 3. exd5 cxd5 4. Bd3 Nc6 5. c3 Qc7 6. Ne2 Bg4 7. O-O Nf6 8. Qe1 g6 9. Ng3 h5 10. f3 Bd7 11. Bg5 Bg7 12. Ne2 O-O 13. Nd2 e5 14. dxe5 Nxe5 15. Bc2 Rfe8 16. Kh1 Nc4 17. Nxc4 dxc4 18. Qf2 Qe5 19. Bxf6 Bxf6 20. Rfe1 Qe3 21. Qxe3 Rxe3 22. Be4 Rb8 23. Nf4 Rxe1+ 24. Rxe1 b5 25. Rd1 Be8 26. Nd5 Bd8 27. Nb4 a5 28. Na6 Rc8 29. Bb7 1-0


[Site "https://www.chess.com"]

[Event "Titled Tuesday Blitz August 1 Late 2023"]
[White "Golubev, Mikhail"]
[Black "WindWhistler11"]
[WhiteFideId "14100983"]
[WhiteElo "2541"]
[BlackElo "2433"]
[Result "1-0"]
[Round "7"]
[TimeControl "180+1"]
[Date "2023.08.01"]
[WhiteClock "0:00:08"]
[BlackClock "0:00:31"]
[Board "74"]

1. e4 e6 2. d4 d5 3. Bd3 b6 4. exd5 Qxd5 5. Nf3 Bb7 6. c4 Qd6 7. O-O Nc6 8. Nc3 Nxd4 9. Be4 Nxf3+ 10. Qxf3 c6 11. Rd1 Qc5 12. Be3 Qxc4 13. Rd4 Qc5 14. Rd3 Qc4 15. b3 Qxd3 16. Bxd3 Nf6 17. Ba6 Rb8 18. Bxb7 Rxb7 19. Qxc6+ Rd7 20. Rd1 Bb4 21. Qc8+ Ke7 22. Rxd7+ Nxd7 23. Bg5+ f6 24. Qxh8 Bxc3 25. Qxg7+ Kd6 26. Bf4+ e5 27. Be3 h5 28. h4 a5 29. g4 hxg4 30. h5 g3 31. fxg3 f5 32. h6 f4 33. gxf4 exf4 34. Qxc3 fxe3 35. h7 Ne5 36. h8=Q Nf3+ 37. Kg2 e2 38. Qhf6+ Kd5 39. Qfxf3+ 1-0


[Site "https://www.chess.com"]

[Event "Titled Tuesday Blitz August 1 Late 2023"]
[White "Poltorak, Sebastian"]
[Black "Kielinkei"]
[WhiteFideId "1199498"]
[WhiteElo "2538"]
[BlackElo "2420"]
[Result "0-1"]
[Round "7"]
[TimeControl "180+1"]
[Date "2023.08.01"]
[WhiteClock "0:00:02"]
[BlackClock "0:00:05"]
[Board "75"]

1. b3 e5 2. Bb2 Nc6 3. e3 d5 4. Bb5 Ne7 5. Bxe5 a6 6. Bxc6+ Nxc6 7. Bb2 Qg5 8. Kf1 Bg4 9. Nf3 Qh6 10. d3 O-O-O 11. Nbd2 Bd6 12. h3 f5 13. a3 Rhe8 14. Kg1 Bh5 15. Qf1 f4 16. e4 dxe4 17. Nxe4 Bxf3 18. gxf3 Be5 19. c3 Qh5 20. Qe2 g6 21. Kh2 Ne7 22. d4 Bg7 23. Rhg1 Nf5 24. Rg4 Nh6 25. Rg2 Qd5 26. Qc2 Nf5 27. Rg4 h5 28. Rxg6 Nh4 29. Rxg7 Nxf3+ 30. Kh1 Rxe4 31. c4 Qf5 32. Kg2 Ng5 33. Rxg5 Qxg5+ 34. Kh1 Rde8 35. Bc3 Re2 36. Qd3 Rxf2 37. Rg1 Qh4 38. Qf5+ Kb8 39. d5 Rf3 40. Bd4 Rxh3+ 41. Kg2 Rg3+ 42. Kf1 Rxg1+ 43. Bxg1 Qe1+ 44. Kg2 Rg8+ 45. Kh3 Qg3# 0-1


[Site "https://www.chess.com"]

[Event "Titled Tuesday Blitz August 1 Late 2023"]
[White "Davidson, Kevin"]
[Black "Berezin, Viktor"]
[WhiteFideId "2056810"]
[BlackFideId "14107872"]
[WhiteElo "2419"]
[BlackElo "2534"]
[Result "0-1"]
[Round "7"]
[TimeControl "180+1"]
[Date "2023.08.01"]
[WhiteClock "0:00:00"]
[BlackClock "0:00:50"]
[Board "76"]

1. e4 g6 2. d4 Bg7 3. Nc3 d6 4. f4 Nf6 5. Nf3 O-O 6. e5 Ne8 7. Bc4 a6 8. Qe2 b5 9. Bb3 c5 10. dxc5 Nc6 11. cxd6 exd6 12. e6 fxe6 13. Bxe6+ Kh8 14. O-O Bxe6 15. Qxe6 Nc7 16. Qh3 Kg8 17. Ng5 h6 18. Ne6 Nxe6 19. Qxe6+ Kh7 20. Nd5 Nd4 21. Qe4 Nf5 22. c3 Rc8 23. Bd2 Re8 24. Qd3 Rc4 25. Rae1 Qd7 26. Rxe8 Qxe8 27. Re1 Qf7 28. g4 Rc5 29. gxf5 Rxd5 30. fxg6+ Qxg6+ 31. Qxg6+ Kxg6 32. Be3 Kf5 33. Kf2 Bf6 34. Kf3 Rd3 35. Rg1 d5 36. Ke2 Ke4 37. Bf2 Rh3 38. Bg3 h5 39. Kf2 Kf5 40. Kg2 Kg4 41. Rd1 h4 42. Bf2 Rf3 43. Rxd5 h3+ 44. Kf1 Rxf4 45. Ke2 Re4+ 46. Be3 Be7 47. Rd4 Kf5 48. Rxe4 Kxe4 49. Bg1 Bd6 50. b3 Be5 51. Kd2 Bf4+ 52. Kc2 Kf3 53. c4 bxc4 54. bxc4 Kg2 0-1


[Site "https://www.chess.com"]

[Event "Titled Tuesday Blitz August 1 Late 2023"]
[White "Rodriguez Fontecha, Marcos"]
[Black "Chor, Kevin"]
[WhiteFideId "2256576"]
[BlackFideId "2090740"]
[WhiteElo "2416"]
[BlackElo "2523"]
[Result "0-1"]
[Round "7"]
[TimeControl "180+1"]
[Date "2023.08.01"]
[WhiteClock "0:00:00"]
[BlackClock "0:00:16"]
[Board "77"]

1. e4 c5 2. Nc3 Nc6 3. Bb5 e6 4. Bxc6 bxc6 5. d3 Ne7 6. f4 g6 7. Nf3 Bg7 8. O-O O-O 9. e5 Ba6 10. b3 f6 11. Ne4 fxe5 12. fxe5 d6 13. exd6 Nf5 14. Bg5 Qb6 15. c4 h6 16. Bd2 Rad8 17. Rc1 Nxd6 18. Qe2 Nf5 19. g4 Nd4 20. Nxd4 cxd4 21. Kg2 e5 22. g5 hxg5 23. Bxg5 Rde8 24. Qg4 Bc8 25. Qh4 Bf5 26. Nf6+ Bxf6 27. Bxf6 c5 28. Qh8+ Kf7 29. Qg7+ Ke6 30. Rce1 Rxf6 31. Rxe5+ Kxe5 32. Re1+ Kf4 33. Rxe8 Qc6+ 34. Kg1 Qxe8 0-1


[Site "https://www.chess.com"]

[Event "Titled Tuesday Blitz August 1 Late 2023"]
[White "Pein, Jonathan"]
[Black "Vovk, Orest"]
[WhiteFideId "417092"]
[BlackFideId "14113490"]
[WhiteElo "2412"]
[BlackElo "2523"]
[Result "1-0"]
[Round "7"]
[TimeControl "180+1"]
[Date "2023.08.01"]
[WhiteClock "0:01:00"]
[BlackClock "0:00:07"]
[Board "78"]

1. e4 g5 2. d4 g4 3. Qxg4 d5 4. Qe2 dxe4 5. Qxe4 Nf6 6. Qd3 Nc6 7. Nc3 Qxd4 8. Be3 Qxd3 9. Bxd3 Bd7 10. O-O-O O-O-O 11. h3 Rg8 12. Nge2 Ne5 13. Bb5 Rxg2 14. Bxa7 Bxb5 15. Nxb5 Rxd1+ 16. Rxd1 b6 17. a4 Bh6+ 18. Kb1 Rxf2 19. Nec3 Nc4 20. b3 Nd2+ 21. Kb2 Kb7 22. a5 c6 23. Bxb6 cxb5 24. Bxf2 b4 25. Na4 Ka6 26. Be1 Nfe4 27. Nc5+ Nxc5 28. Bxd2 Bxd2 29. Rxd2 Kxa5 30. Rd5 Kb6 31. Rh5 Kc6 32. Rxh7 f5 33. Rf7 e6 34. h4 Ne4 35. h5 e5 36. h6 f4 37. h7 Ng5 38. Rf6+ 1-0


[Site "https://www.chess.com"]

[Event "Titled Tuesday Blitz August 1 Late 2023"]
[White "Mike24147"]
[Black "Ortega Amarelle, Mariano"]
[BlackFideId "3504301"]
[WhiteElo "2391"]
[BlackElo "2518"]
[Result "1-0"]
[Round "7"]
[TimeControl "180+1"]
[Date "2023.08.01"]
[WhiteClock "0:00:23"]
[BlackClock "0:00:09"]
[Board "79"]

1. c4 c5 2. g3 Nc6 3. Bg2 g6 4. Nc3 Bg7 5. d3 e5 6. Nf3 Nge7 7. O-O O-O 8. Rb1 d6 9. a3 h6 10. b4 Rb8 11. b5 Nd4 12. Ne1 f5 13. e3 Ne6 14. Nd5 g5 15. Nc2 f4 16. Bb2 Nf5 17. Bh3 Kh8 18. Bxf5 Rxf5 19. d4 Qf8 20. dxe5 dxe5 21. exf4 gxf4 22. Qe2 f3 23. Qe4 Ng5 24. Qh4 Rf7 25. Nce3 Be6 26. Ng4 Bxd5 27. cxd5 Rf4 28. gxf4 Qxf4 29. Rbe1 Rg8 30. Kh1 Ne4 31. Bxe5 Bxe5 32. Rxe4 Qxe4 33. Qxh6+ Qh7 34. Qxh7+ Kxh7 35. Nxe5 Re8 36. Nxf3 Re2 37. Rd1 1-0


[Site "https://www.chess.com"]

[Event "Titled Tuesday Blitz August 1 Late 2023"]
[White "Bueno, Alfeu Junior Varela"]
[Black "Petesch, Gabriel"]
[WhiteFideId "2108879"]
[BlackFideId "2032465"]
[WhiteElo "2387"]
[BlackElo "2515"]
[Result "1-0"]
[Round "7"]
[TimeControl "180+1"]
[Date "2023.08.01"]
[WhiteClock "0:00:07"]
[BlackClock "0:00:05"]
[Board "80"]

1. e4 e5 2. Nc3 Bc5 3. Bc4 Ne7 4. Qh5 O-O 5. Nf3 d5 6. Nxd5 h6 7. Qxe5 Ng6 8. Qxc7 Nc6 9. Qxd8 Rxd8 10. c3 Re8 11. d3 Bd6 12. b4 Nce5 13. Nxe5 Nxe5 14. Bb5 Bd7 15. Bxd7 Nxd7 16. O-O Rad8 17. Bf4 Ne5 18. Rad1 f6 19. Bg3 Kf7 20. f4 Nc6 21. a3 a5 22. e5 Bxe5 23. fxe5 Rxd5 24. exf6 gxf6 25. d4 axb4 26. axb4 b5 27. Rf3 Re6 28. Rdf1 Ne7 29. Be5 Ng8 30. Ra1 Rd7 31. Ra8 Rb7 32. Bg3 Rbe7 33. h3 Rd7 34. Bh4 Rc7 35. Rg3 Ne7 36. Rh8 Ra7 37. Rxh6 Ra1+ 38. Kh2 Ke8 39. Bxf6 Kd7 40. Rg7 Rf1 41. Bxe7 Rxh6 42. Bg5+ Ke6 43. Bxh6 Kd5 44. Rg5+ Kc4 45. Rc5+ Kd3 46. Rxb5 Kxc3 47. d5 Kc4 48. Rc5+ Kxb4 49. Rc1 Rf5 1-0


[Site "https://www.chess.com"]

[Event "Titled Tuesday Blitz August 1 Late 2023"]
[White "Bach, Matthias"]
[Black "Kanakaris, Georgios"]
[WhiteFideId "4603168"]
[BlackFideId "4209460"]
[WhiteElo "2378"]
[BlackElo "2513"]
[Result "0-1"]
[Round "7"]
[TimeControl "180+1"]
[Date "2023.08.01"]
[WhiteClock "0:00:49"]
[BlackClock "0:00:17"]
[Board "81"]

1. d4 Nf6 2. c4 g6 3. Nc3 Bg7 4. e4 d6 5. f4 O-O 6. Nf3 c5 7. d5 e6 8. Be2 exd5 9. cxd5 Re8 10. e5 dxe5 11. fxe5 Ng4 12. e6 fxe6 13. Bg5 Qb6 14. Qd2 c4 15. O-O-O Nd7 16. dxe6 Qxe6 17. Rhe1 Nde5 18. h3 Nf2 19. Nd4 Qa6 20. Bxc4+ Qxc4 21. Qxf2 Bd7 22. Bf6 Nd3+ 23. Rxd3 Rxe1+ 24. Qxe1 Qxd3 25. Bxg7 Re8 26. Qh4 Kxg7 27. Nd5 Qc4+ 28. Kb1 Qxd5 0-1


[Site "https://www.chess.com"]

[Event "Titled Tuesday Blitz August 1 Late 2023"]
[White "Sreyas Payyappat"]
[Black "Vifleemskaia, Svetlana"]
[WhiteFideId "46674969"]
[BlackFideId "4129490"]
[WhiteElo "2512"]
[BlackElo "2384"]
[Result "1-0"]
[Round "7"]
[TimeControl "180+1"]
[Date "2023.08.01"]
[WhiteClock "0:01:40"]
[BlackClock "0:00:42"]
[Board "82"]

1. e4 e5 2. Nf3 Nc6 3. Bc4 Nf6 4. d4 exd4 5. e5 d5 6. Bb5 Ne4 7. Nxd4 Bd7 8. Bxc6 bxc6 9. O-O Bc5 10. c3 O-O 11. f3 Ng5 12. f4 Ne4 13. Be3 Qe7 14. Nd2 Nxd2 15. Qxd2 Bb6 16. Rae1 c5 17. Nb3 Bb5 18. Rf3 Rad8 19. f5 f6 20. exf6 Qxf6 21. Nxc5 Bxc5 22. Bxc5 Rfe8 23. Rxe8+ Bxe8 24. Bd4 Qh6 25. Qxh6 gxh6 26. Rg3+ Kf8 27. Bg7+ Kf7 28. Bxh6 Rb8 29. Rg7+ Kf6 30. g4 Rxb2 31. Rxc7 Rxa2 32. h4 Ra4 33. Bg7# 1-0


[Site "https://www.chess.com"]

[Event "Titled Tuesday Blitz August 1 Late 2023"]
[White "Mushini Ajay"]
[Black "Droin, Augustin"]
[WhiteFideId "35066188"]
[BlackFideId "45105987"]
[WhiteElo "2378"]
[BlackElo "2511"]
[Result "1-0"]
[Round "7"]
[TimeControl "180+1"]
[Date "2023.08.01"]
[WhiteClock "0:00:18"]
[BlackClock "0:00:54"]
[Board "83"]

1. e4 c6 2. d4 d5 3. exd5 cxd5 4. Bd3 Nf6 5. c3 Nc6 6. Bf4 e6 7. Nd2 Bd6 8. Bg3 O-O 9. Ngf3 Re8 10. O-O a6 11. Ne5 Qc7 12. f4 b5 13. Bh4 Be7 14. Qe2 b4 15. Rac1 Qb6 16. Bxf6 Bxf6 17. Bxh7+ Kf8 18. Qh5 Nd8 19. Bd3 bxc3 20. bxc3 a5 21. Nb3 Ke7 22. Nc5 Qb2 23. Rc2 Qb6 24. Re2 Rf8 25. Rb1 Qc7 26. f5 Rb8 27. Rxb8 Qxb8 28. fxe6 Nxe6 29. Nc6+ Kd6 30. Nxb8 Nf4 31. Qf3 Nxe2+ 32. Qxe2 Be6 33. Nxe6 fxe6 34. Na6 e5 35. dxe5+ Bxe5 36. Qe3 Bxc3 37. Qc5+ Ke6 38. Qxf8 1-0


[Site "https://www.chess.com"]

[Event "Titled Tuesday Blitz August 1 Late 2023"]
[White "FromTexas54"]
[Black "Balla, Tamas-Kristof"]
[BlackFideId "1208497"]
[WhiteElo "2506"]
[BlackElo "2374"]
[Result "1-0"]
[Round "7"]
[TimeControl "180+1"]
[Date "2023.08.01"]
[WhiteClock "0:01:25"]
[BlackClock "0:00:26"]
[Board "84"]

1. Nf3 c5 2. g3 Nc6 3. Bg2 g6 4. O-O Bg7 5. c4 e6 6. Nc3 Nge7 7. e3 O-O 8. Qe2 d5 9. cxd5 exd5 10. d4 cxd4 11. exd4 Nf5 12. Bg5 f6 13. Bf4 Re8 14. Qd3 Be6 15. Rae1 Qd7 16. h4 Bf7 17. Rxe8+ Rxe8 18. Bh3 Be6 19. Bg2 Bf7 20. Rd1 Nd6 21. Nd2 Ne4 22. Ndxe4 dxe4 23. Nxe4 f5 24. Nc5 Qxd4 25. Qc2 Qb4 26. Nxb7 Nd4 27. Qc7 Ne2+ 28. Kh2 Nxf4 29. Nd6 Nxg2 30. Qxf7+ 1-0


[Site "https://www.chess.com"]

[Event "Titled Tuesday Blitz August 1 Late 2023"]
[White "Spichkin, Alexander"]
[Black "Jimenez Jimenez, Leandro"]
[WhiteFideId "4144074"]
[BlackFideId "6415253"]
[WhiteElo "2372"]
[BlackElo "2503"]
[Result "0-1"]
[Round "7"]
[TimeControl "180+1"]
[Date "2023.08.01"]
[WhiteClock "0:02:08"]
[BlackClock "0:00:42"]
[Board "85"]

1. f4 d5 2. Nf3 Nf6 3. e3 Bg4 4. h3 Bxf3 5. Qxf3 e6 6. b3 Nbd7 7. Bb2 c6 8. Nc3 Bb4 9. O-O-O Qe7 10. Kb1 a5 11. g4 a4 12. g5 Bxc3 13. Bxc3 Ne4 14. Bxg7 axb3 15. axb3 Qa3 16. Bxh8 f6 17. c3 Qxb3+ 18. Kc1 Ra1# 0-1


[Site "https://www.chess.com"]

[Event "Titled Tuesday Blitz August 1 Late 2023"]
[White "Topalov, Aleksandar"]
[Black "Jovic, Stanoje"]
[WhiteFideId "925659"]
[BlackFideId "905020"]
[WhiteElo "2357"]
[BlackElo "2501"]
[Result "0-1"]
[Round "7"]
[TimeControl "180+1"]
[Date "2023.08.01"]
[WhiteClock "0:00:00"]
[BlackClock "0:00:33"]
[Board "86"]

1. b3 Nf6 2. Bb2 e6 3. Nf3 b6 4. c4 Bb7 5. g3 c5 6. Bg2 d5 7. cxd5 exd5 8. O-O d4 9. e3 d3 10. Nc3 Be7 11. Qb1 Na6 12. a3 O-O 13. Ne1 Bxg2 14. Kxg2 c4 15. bxc4 Nc5 16. a4 Qd7 17. Ba3 Rfd8 18. a5 Rab8 19. Bxc5 bxc5 20. Qd1 Qe6 21. Ra4 Rb4 22. Qa1 Qxc4 23. Ra2 Rdb8 24. Nf3 Nd7 25. Rc1 Bf6 26. Kg1 Qg4 27. Ne1 c4 28. Ra4 h5 29. Rxb4 Rxb4 30. Qa3 Be7 31. Qa2 h4 32. Nd5 Ne5 33. Nxb4 Bxb4 0-1


[Site "https://www.chess.com"]

[Event "Titled Tuesday Blitz August 1 Late 2023"]
[White "MFatigue"]
[Black "Crispin Ferreras, Darvi Abraham"]
[BlackFideId "6402771"]
[WhiteElo "2492"]
[BlackElo "2344"]
[Result "0-1"]
[Round "7"]
[TimeControl "180+1"]
[Date "2023.08.01"]
[WhiteClock "0:00:12"]
[BlackClock "0:00:25"]
[Board "88"]

1. e4 e6 2. d4 d5 3. Nc3 Nf6 4. e5 Nfd7 5. f4 c5 6. Nf3 Nc6 7. Be3 Qb6 8. Na4 Qa5+ 9. c3 cxd4 10. b4 Qc7 11. Nxd4 Nxd4 12. Bxd4 Be7 13. Nb2 O-O 14. Bd3 a5 15. a3 b6 16. O-O g6 17. Rf3 Ba6 18. Bc2 axb4 19. axb4 Bb7 20. Rxa8 Rxa8 21. Rh3 Nf8 22. Nd3 Ba6 23. Nf2 Qa7 24. Ng4 Bc4 25. Nh6+ Kg7 26. Kf2 Qa1 27. Bxb6 Qxd1 28. Bxd1 Ra2+ 29. Ke1 Rxg2 30. Ng4 Rb2 31. Ne3 Bd3 32. Bd4 h5 33. Bb6 Nd7 34. Bd4 Nb8 35. Nf1 Be4 36. Be3 Nc6 37. Bd2 Bg2 38. Rd3 Be4 39. Re3 h4 40. Bf3 Rb1+ 41. Ke2 Bf5 42. Bg2 d4 43. cxd4 Nxd4+ 44. Kf2 Bxb4 45. Bxb4 Rxb4 46. Be4 Rb2+ 47. Kg1 Ne2+ 48. Kh1 Nxf4 49. Bxf5 gxf5 50. Kg1 Kg6 51. Rf3 Nd5 52. Ra3 f4 53. Rf3 Kf5 54. Rg3 hxg3 0-1


[Site "https://www.chess.com"]

[Event "Titled Tuesday Blitz August 1 Late 2023"]
[White "Sivakumar, Shaaketh"]
[Black "Vasques, Antonio Pedro Freixial"]
[WhiteFideId "30940176"]
[BlackFideId "1908332"]
[WhiteElo "2492"]
[BlackElo "2333"]
[Result "1-0"]
[Round "7"]
[TimeControl "180+1"]
[Date "2023.08.01"]
[WhiteClock "0:00:13"]
[BlackClock "0:00:00"]
[Board "89"]

1. d4 Nf6 2. Nf3 g6 3. Nc3 Bg7 4. e4 d6 5. Be3 c6 6. Qd2 b5 7. Bd3 Nbd7 8. Bh6 Bxh6 9. Qxh6 b4 10. Ne2 Qa5 11. Qd2 c5 12. e5 Nh5 13. exd6 exd6 14. Qe3+ Kf8 15. O-O Kg7 16. a3 Bb7 17. Ng3 Nhf6 18. axb4 Qxb4 19. Ra3 Bxf3 20. Qxf3 Qxd4 21. Rd1 Ne5 22. Qe2 Qxb2 23. Rb3 Qa2 24. Be4 Rae8 25. Qd2 Rd8 26. Qg5 Ned7 27. Nf5+ Kg8 28. Nxd6 h6 29. Qf4 Kg7 30. Rg3 Nxe4 31. Qxe4 Nf6 32. Qf4 Qxc2 33. Re1 Rd7 34. Nf5+ Kf8 35. Nxh6 Qd2 36. Qb8+ Kg7 37. Nf5+ Kh7 38. Rh3+ Nh5 39. Qe5 Rg8 40. g4 gxf5 41. Rxh5+ 1-0


[Site "https://www.chess.com"]

[Event "Titled Tuesday Blitz August 1 Late 2023"]
[White "Peycheva, Gergana"]
[Black "Lopez Gracia, Fernando"]
[WhiteFideId "2916711"]
[BlackFideId "2207184"]
[WhiteElo "2492"]
[BlackElo "2327"]
[Result "1-0"]
[Round "7"]
[TimeControl "180+1"]
[Date "2023.08.01"]
[WhiteClock "0:00:15"]
[BlackClock "0:00:25"]
[Board "90"]

1. d4 Nf6 2. c4 e6 3. Nc3 Bb4 4. Qc2 c5 5. dxc5 Bxc5 6. Nf3 Qb6 7. e3 Be7 8. Be2 a6 9. O-O Qc7 10. b3 d6 11. Bb2 O-O 12. Rfd1 Nbd7 13. Nd4 b6 14. Bf3 Bb7 15. Qe2 Ne5 16. Bxb7 Qxb7 17. Ba3 Rfd8 18. h3 Rac8 19. Rac1 d5 20. Bxe7 Qxe7 21. cxd5 Nxd5 22. Nxd5 exd5 23. Qxa6 Ra8 24. Qxb6 Rxa2 25. Nf5 Qg5 26. Qxd8+ Qxd8 27. Rxd5 Nd7 28. Rc8 Qxc8 29. Ne7+ Kf8 30. Nxc8 Ra7 31. b4 Ke8 32. b5 Nf6 33. Rc5 Kd7 34. Nxa7 Kd6 35. Rc1 Nd7 36. b6 Nxb6 37. Rc6+ Kd7 38. Rxb6 Ke7 39. Rb1 1-0


[Site "https://www.chess.com"]

[Event "Titled Tuesday Blitz August 1 Late 2023"]
[White "Willy, Stephen"]
[Black "Pein, Malcolm"]
[WhiteFideId "30981468"]
[BlackFideId "400289"]
[WhiteElo "2485"]
[BlackElo "2311"]
[Result "1-0"]
[Round "7"]
[TimeControl "180+1"]
[Date "2023.08.01"]
[WhiteClock "0:00:03"]
[BlackClock "0:00:00"]
[Board "91"]

1. e4 c5 2. c3 d5 3. exd5 Nf6 4. d4 cxd4 5. Nf3 Qxd5 6. cxd4 Bg4 7. Nc3 Bxf3 8. gxf3 Qa5 9. Qb3 Qb6 10. Bb5+ Nbd7 11. Qa4 e6 12. Bg5 Rd8 13. d5 exd5 14. O-O-O Be7 15. Rhe1 Qc5 16. Bxf6 gxf6 17. Rxd5 Qxf2 18. Bxd7+ Kf8 19. Rxe7 Rg8 20. Qa3 Rg1+ 21. Rd1 Kg7 22. Qb3 Rxd1+ 23. Nxd1 Qc5+ 24. Qc3 Qxe7 25. Bf5 Qe5 26. Qxe5 fxe5 27. Be4 b6 28. Ne3 Rc8+ 29. Kd2 Kf6 30. Bxh7 Rh8 31. Ng4+ Kg5 32. Bd3 1-0


[Site "https://www.chess.com"]